 Dungeon Crawl Stone Soup version 0.24.0-13-gcf9b319 (webtiles) character file.

Game seed: 10705804536283933616, levelgen mode: deterministic

580 ClockworkOrrery the Fighter (level 7, -1/51 HPs)
             Began as a Gargoyle Fighter on Mar 28, 2020.
             Slain by an orc warrior
             ... wielding a +0 trident
              (11 damage)
             ... on level 4 of the Dungeon.
             The game lasted 00:07:59 (3552 turns).

ClockworkOrrery the Fighter (Gargoyle Fighter)      Turns: 3552, Time: 00:07:59

Health: -1/51      AC: 13    Str: 20    XL:     7   Next: 36%
Magic:  7/7        EV:  5    Int: 10    God:
Gold:   98         SH: 10    Dex:  9    Spells: 6/6 levels left

rFire    . . .     SeeInvis .   o - +2 whip (flame)
rCold    . . .     Gourm    .   c - +1 shield
rNeg     + . .     Faith    .   j - +0 chain mail
rPois    ∞         Spirit   .   (no helmet)
rElec    +         Reflect  .   (no cloak)
rCorr    .         Harm     .   (no gloves)
MR       .....                  (no boots)
Stlth    ..........             (no amulet)
HPRegen  0.17/turn              (no ring)
MPRegen  0.10/turn              (no ring)

@: no status effects
A: negative energy resistance 1, electricity resistance, unbreathing,
petrification resistance, rot immunity, AC +4
a: no special abilities


You were on level 4 of the Dungeon.
You were not hungry.

You visited 1 branch of the dungeon, and saw 4 of its levels.

You collected 98 gold pieces.

Inventory:

Hand Weapons
 a - a +0 flail
 n - a +1 vampiric halberd
 o - a +2 whip of flaming (weapon)
Armour
 c - a +1 shield (worn)
 j - a +0 chain mail (worn)
Jewellery
 b - an uncursed ring of protection from fire {unknown}
 e - a +2 ring of strength {unknown}
Scrolls
 m - 3 scrolls of teleportation
Potions
 d - a potion of might
 g - 3 potions of flight {unknown}
 i - a potion of lignification {unknown}
 k - a potion of agility {unknown}
Comestibles
 f - 10 rations
 h - 6 chunks of flesh


   Skills:
 * Level 9.1 Fighting
 - Level 2.0 Maces & Flails
 - Level 3.2 Armour
 - Level 3.2 Shields


You had 6 spell levels left.
You didn't know any spells.
Your spell library was empty.

Dungeon Overview and Level Annotations

Branches:
Dungeon (4/15)
 Temple: D:4-7

Altars:
Okawaru


Innate Abilities, Weirdness & Mutations

You are resistant to torment.
Your stone body is resilient. (AC +4)
You are immune to poison.
You resist negative energy. (rN+)
You are resistant to electric shocks. (rElec)
You can survive without breathing.
You are immune to petrification.
You are immune to rotting.


Message History

The orc priest is almost dead.
The orc priest hits you but does no damage.
The orc priest casts a cantrip, but nothing happens.
The orc warrior hits you but does no damage.
You hit the orc priest. You burn the orc priest.
You kill the orc priest!
The orc warrior hits you with a +0 trident!
* * * LOW HITPOINT WARNING * * *
You closely miss the orc priest. You block the orc priest's attack.
You hit the orc priest. You burn the orc priest.
The orc priest is moderately wounded.
You block the orc warrior's attack. You block the orc priest's attack.
You hit the orc priest. You burn the orc priest.
The orc priest is severely wounded.
The orc warrior hits you but does no damage.
You block the orc priest's attack.
You closely miss the orc priest.
The orc priest is severely wounded.
The orc warrior hits you with a +0 trident!
You die...

#....# ##.# #....# ######.#
#....# #.......
#######'#########.#####.
#.####.......##............#.
#......#.....##....>.......#.
#<.#.###.##............##
#.## #o##............## #..
#@##............## ####
#.o.[..##########
################# #.........#
#.........# #.........#
#.......(.# #......<..##
#...........


You could see an orc warrior and an orc priest.

Vanquished Creatures
  Duvessa (D:4)
  An ogre (D:4)
  A bullfrog (D:3)
  Dowan (D:4)
  2 orc priests (D:4)
  An orc wizard (D:3)
  3 gnolls (D:3)
  8 adders
  A dart slug (D:1)
  A leopard gecko (D:2)
  6 orcs
  2 ball pythons (D:2)
  7 giant cockroaches
  9 goblins
  6 hobgoblins
  7 jackals
  8 kobolds
  2 quokkas
  9 bats
  4 frilled lizards
  A jackal skeleton (D:4)
  7 rats
88 creatures vanquished.

Notes
Turn   | Place    | Note
-------+----------+-------------------------------------------
     0 | D:1      | ClockworkOrrery the Gargoyle Fighter began the quest for
                  | the Orb.
     0 | D:1      | Reached XP level 1. HP: 14/14 MP: 1/1
   151 | D:1      | Reached XP level 2. HP: 20/20 MP: 2/2
   199 | D:1      | Reached skill level 4 in Fighting
   377 | D:1      | Reached XP level 3. HP: 21/24 MP: 3/3
  1092 | D:2      | Reached skill level 5 in Fighting
  1201 | D:2      | Reached XP level 4. HP: 22/31 MP: 4/4
  1841 | D:3      | Reached skill level 6 in Fighting
  1862 | D:3      | Reached XP level 5. HP: 18/36 MP: 5/5
  2481 | D:3      | Reached skill level 7 in Fighting
  2504 | D:3      | Reached XP level 6. HP: 44/44 MP: 6/6
  2919 | D:4      | Found an iron altar of Okawaru.
  3084 | D:4      | Noticed Dowan
  3084 | D:4      | Noticed Duvessa
  3134 | D:4      | Killed Duvessa
  3134 | D:4      | Reached skill level 8 in Fighting
  3136 | D:4      | Killed Dowan
  3144 | D:4      | Reached XP level 7. HP: 10/50 MP: 7/7
  3538 | D:4      | Reached skill level 9 in Fighting
  3552 | D:4      | Slain by an orc warrior

Levels and vault maps discovered:
D:1:      nzn_arrival_settlement, layout_loops_ring
D:2:      layout_rooms, serial_curves, eino_curves_02, eino_curves_03,
          eino_curves_02, eino_curves_04
D:3:      layout_loops_corners, first_ration
D:4:      layout_basic, okawaru_metal_pillars_1_2, uniq_duvessa

Skill      XL: |  1  2  3  4  5  6  7 |
---------------+----------------------+-----
Fighting       | 4 5 6 7 8 9 |  9.1
Maces & Flails | |  2.0
Armour         | |  3.2
Shields        | |  3.2

Action                   |  1- 3 |  4- 6 |  7- 9 || total
-------------------------+-------+-------+-------++-------
Melee: Flail             |   169 |    89 |       ||   258
       Halberd           |       |    88 |       ||    88
       Whip              |       |    54 |    30 ||    84
  Use: Scroll            |       |     3 |       ||     3
  Eat: Chunk             |     1 |     7 |     1 ||     9
Armor: Scale mail        |    45 |       |       ||    45
       Chain mail        |    46 |   185 |    14 ||   245
Dodge: Dodged            |    59 |    81 |     4 ||   144
Block: Shield            |    97 |    85 |    26 ||   208
